 Dungeon Crawl Stone Soup version 0.27-a0-1181-g5f64966fcc (webtiles) character file.

Game seed: 3095142237851005438

380 lunkers the Digger (level 6, -2/44 HPs)
             Began as a Gnoll Earth Elementalist on May 17, 2021.
             Slain by Pikel
             ... wielding a +1 whip of freezing
              (7 damage)
             ... on level 4 of the Dungeon.
             The game lasted 00:09:44 (4678 turns).

lunkers the Digger (Gnoll Earth Elementalist)       Turns: 4678, Time: 00:09:45

Health: -2/44      AC:  4    Str:  8    XL:     6   Next: 75%
Magic:  1/14       EV: 13    Int: 16    God:
Gold:   136        SH:  0    Dex: 12    Spells: 9/15 levels left

rFire    . . .     SeeInvis .   h - +4 dagger (holy)
rCold    . . .     Faith    .   (no shield)
rNeg     . . .     Spirit   .   c - +0 robe
rPois    .         Reflect  .   k - +0 helmet
rElec    .         Harm     .   (no cloak)
rCorr    .         Rampage  .   (no gloves)
Will     .....                  m - +0 pair of boots
Stlth    +++.......             (no amulet)
HPRegen  0.14/turn              (no ring)
MPRegen  0.14/turn              (no ring)

@: no status effects
A: fangs 1, strong nose, distributed training
a: no special abilities


You were on level 4 of the Dungeon.
You visited 1 branch of the dungeon, and saw 5 of its levels.

You collected 136 gold pieces.

Inventory:

Hand Weapons
 h - a +4 dagger of holy wrath (weapon)
 q - a +0 dagger of venom
Missiles
 b - 89 stones
Armour
 c - a +0 robe (worn)
 k - a +0 helmet (worn)
 m - a +0 pair of boots (worn)
Magical Staves
 v - a staff of conjuration
Jewellery
 r - a ring of positive energy
Scrolls
 d - a scroll of vulnerability {unknown}
 e - a scroll of acquirement {unknown}
 f - 5 scrolls of identify {unknown}
 i - 2 scrolls of teleportation {unknown}
 j - a scroll of summoning {unknown}
 o - a scroll of brand weapon {unknown}
 s - a scroll of immolation {unknown}
 t - 2 scrolls of amnesia {unknown}
Potions
 a - a potion of lignification {unknown}
 g - a potion of heal wounds {unknown}
 l - a potion of degeneration {unknown}
 n - a potion of curing {unknown}
 p - a potion of berserk rage {unknown}
 u - a potion of invisibility {unknown}


   Skills:
 + Level 2.1 Fighting
 + Level 2.1 Short Blades
 + Level 2.1 Long Blades
 + Level 2.1 Axes
 + Level 2.1 Maces & Flails
 + Level 2.1 Polearms
 + Level 2.1 Staves
 + Level 2.1 Slings
 + Level 2.1 Bows
 + Level 2.1 Crossbows
 + Level 2.1 Throwing
 + Level 2.1 Armour
 + Level 5.0 Dodging
 + Level 4.7 Stealth
 + Level 2.1 Shields
 + Level 2.1 Unarmed Combat
 + Level 5.4 Spellcasting
 + Level 1.6 Conjurations
 + Level 1.6 Hexes
 + Level 1.6 Summonings
 + Level 1.6 Necromancy
 + Level 1.6 Translocations
 + Level 2.7 Transmutations
 + Level 1.6 Fire Magic
 + Level 1.6 Ice Magic
 + Level 1.6 Air Magic
 + Level 5.7 Earth Magic
 + Level 1.6 Poison Magic
 + Level 2.3 Invocations
 + Level 2.1 Evocations


You had 9 spell levels left.
You knew the following spells:

 Your Spells              Type           Power      Damage    Failure   Level
a - Stone Arrow           Conj/Erth      32%        3d9       10%         3
b - Passwall              Tmut/Erth      14%        N/A       3%          2
c - Sandblast             Erth           44%        2d11      1%          1

Your spell library contained the following spells:

 Spells                   Type           Power      Damage    Failure   Level
 Confusing Touch          Hex            9%         N/A       22%         3
 Gell's Gravitas          Tloc           4%         N/A       22%         3
 Petrify                  Tmut/Erth      17%        N/A       26%         4
 Lee's Rapid Deconstruct  Erth           11%        3d9*      36%         5
 Yara's Violent Unravell  Hex/Tmut       5%         3d4       86%         5
 Metabolic Englaciation   Hex/Ice        4%         N/A       90%         5


Dungeon Overview and Level Annotations

Branches:
Dungeon (5/15)
 Temple: D:4-7

Altars:

Shops:
D:4 :

Annotations:
D:4 Pikel


Innate Abilities, Weirdness & Mutations

You have very sharp teeth.
Your uncanny sense of smell can sniff out nearby items.
Your experience applies equally to all skills.


Message History

Pikel freezes you.
* * * LOW HITPOINT WARNING * * *
Casting: Sandblast (safe; 1% risk of failure)
Confirm with . or Enter, or press ? or * to list all spells.
Aiming: Sandblast (safe; 1% risk of failure)
Press: ? - help, Shift-Dir - straight line, f/p - Pikel
Aim: Pikel, wielding a +1 whip of freezing, wearing a +0 robe and carrying a wand of flame (16) (severely wounded, 76% to hit)
The blast of sand misses Pikel.
* * * LOW MAGIC WARNING * * *
Pikel zaps a wand.
The puff of flame hits you.
* * * LOW HITPOINT WARNING * * *
Casting: Sandblast (safe; 1% risk of failure)
Confirm with . or Enter, or press ? or * to list all spells.
You don't know that spell.
Pikel zaps a wand.
The puff of flame hits you.
* * * LOW HITPOINT WARNING * * *
Casting: Sandblast (safe; 1% risk of failure)
Confirm with . or Enter, or press ? or * to list all spells.
Aiming: Sandblast (safe; 1% risk of failure)
Press: ? - help, Shift-Dir - straight line, f/p - Pikel
Aim: Pikel, wielding a +1 whip of freezing, wearing a +0 robe and carrying a wand of flame (14) (severely wounded, 76% to hit)
The blast of sand hits Pikel.
Pikel is almost dead.
* * * LOW MAGIC WARNING * * *
Unknown command.
Unknown command.
Unknown command.
You aren't carrying any items that you can evoke.
You closely miss Pikel.
Pikel is almost dead.
Pikel zaps a wand.
The puff of flame hits you.
* * * LOW HITPOINT WARNING * * *
You hit Pikel.
Pikel is almost dead.
Pikel closely misses you.
Unknown command.
You hit Pikel.
Pikel is almost dead.
Pikel hits you with a +1 whip of freezing!
You die...

...# ######.# #. ##.#
##...##.# ## #.# ##.###.#.#
#.# #.## ##.># #.# #.# #..#
#### ##.## #.## ##..## #..#
#...## ##.###....# #..#
.#.#.####....##..########<.#
##........#.###.@K.........#
.###.######.#
##)########..## #.#.## #.#
#.# #....)# ##.## #.# #.#
#.###.##### ### #.# #.# #.#
#>.....
#.####.######.###.#####
#..........##..........
######..........#######
#####.##########..


You could see Pikel.

Vanquished Creatures
  A phantom (D:4)
  2 lemures
  A kobold brigand (D:5)
  A jelly (D:4)
  A bullfrog skeleton (D:4)
  Jessica (D:2)
  A hound skeleton (D:4)
  Robin (D:3)
  5 adders
  A worm (D:4)
  A dart slug (D:3)
  9 orcs
  An endoplasm (D:4)
  4 giant cockroaches
  10 goblins
  5 hobgoblins
  2 jackals (D:4)
  A quokka (D:3)
  5 ball pythons
  10 bats
  2 frilled lizards (D:3)
  16 kobolds
  3 rats
84 creatures vanquished.

Notes
Turn   | Place    | Note
-------+----------+-------------------------------------------
     0 | D:1      | lunkers the Gnoll Earth Elementalist began the quest for
                  | the Orb.
     0 | D:1      | Reached XP level 1. HP: 13/13 MP: 6/6
   325 | D:1      | Reached XP level 2. HP: 19/19 MP: 5/7
  1026 | D:2      | Found a faded altar of an unknown god.
  1072 | D:2      | Noticed Jessica
  1075 | D:2      | Killed Jessica
  1076 | D:2      | Reached skill level 5 in Spellcasting
  1076 | D:2      | Reached XP level 3. HP: 25/25 MP: 4/9
  1172 | D:2      | Reached skill level 1 in Invocations
  1254 | D:2      | Reached skill level 1 in Fighting
  1254 | D:2      | Reached skill level 1 in Short Blades
  1254 | D:2      | Reached skill level 1 in Long Blades
  1254 | D:2      | Reached skill level 1 in Axes
  1254 | D:2      | Reached skill level 1 in Maces & Flails
  1254 | D:2      | Reached skill level 1 in Polearms
  1254 | D:2      | Reached skill level 1 in Staves
  1254 | D:2      | Reached skill level 1 in Slings
  1254 | D:2      | Reached skill level 1 in Bows
  1254 | D:2      | Reached skill level 1 in Crossbows
  1254 | D:2      | Reached skill level 1 in Throwing
  1254 | D:2      | Reached skill level 1 in Armour
  1254 | D:2      | Reached skill level 1 in Shields
  1254 | D:2      | Reached skill level 1 in Unarmed Combat
  1254 | D:2      | Reached skill level 1 in Evocations
  1588 | D:3      | Reached XP level 4. HP: 32/32 MP: 9/11
  1793 | D:3      | Noticed Robin
  1802 | D:3      | Killed Robin
  1803 | D:3      | Reached skill level 1 in Conjurations
  1803 | D:3      | Reached skill level 1 in Hexes
  1803 | D:3      | Reached skill level 1 in Summonings
  1803 | D:3      | Reached skill level 1 in Necromancy
  1803 | D:3      | Reached skill level 1 in Translocations
  1803 | D:3      | Reached skill level 1 in Fire Magic
  1803 | D:3      | Reached skill level 1 in Ice Magic
  1803 | D:3      | Reached skill level 1 in Air Magic
  1803 | D:3      | Reached skill level 1 in Poison Magic
  2917 | D:4      | Learned a level 2 spell: Passwall
  2921 | D:4      | Learned a level 3 spell: Stone Arrow
  3061 | D:4      | Reached XP level 5. HP: 37/37 MP: 9/12
  3190 | D:4      | Found Rex Quqo's Book Shoppe.
  3772 | D:4      | Noticed a phantom
  3781 | D:4      | Killed a phantom
  3782 | D:4      | Reached XP level 6. HP: 38/44 MP: 1/14
  4040 | D:5      | Entered Level 5 of the Dungeon
  4042 | D:5      | Reached skill level 5 in Dodging
  4509 | D:5      | Noticed Pikel
  4678 | D:4      | Slain by Pikel

Illustrated notes

Levels and vault maps discovered:
D:1:      sevenhm_arrival_forest_fort_large_2, layout_basic
D:2:      layout_rooms, ebering_ecumenical_altar_sacrificial, st_stairs_2,
          minmay_misc_feat_encased, uniq_jessica
D:3:      layout_basic, uniq_robin
D:4:      layout_loops_ring, serial_shops, nicolae_shop_stone,
          minmay_stone_trees_medium
D:5:      cheibrodos_thug_alley, layout_loops_cross, minmay_crystal_water,
          uniq_pikel

Skill      XL: |  1  2  3  4  5  6 |
---------------+-------------------+-----
Transmutations | 2 |  2.7
Spellcasting   | 5 |  5.4
Invocations    | 1 2 |  2.3
Fighting       | 1 2 |  2.1
Short Blades   | 1 2 |  2.1
Long Blades    | 1 2 |  2.1
Axes           | 1 2 |  2.1
Maces & Flails | 1 2 |  2.1
Polearms       | 1 2 |  2.1
Staves         | 1 2 |  2.1
Slings         | 1 2 |  2.1
Bows           | 1 2 |  2.1
Crossbows      | 1 2 |  2.1
Throwing       | 1 2 |  2.1
Armour         | 1 2 |  2.1
Shields        | 1 2 |  2.1
Unarmed Combat | 1 2 |  2.1
Evocations     | 1 2 |  2.1
Conjurations   | 1 |  1.6
Hexes          | 1 |  1.6
Summonings     | 1 |  1.6
Necromancy     | 1 |  1.6
Translocations | 1 |  1.6
Fire Magic     | 1 |  1.6
Ice Magic      | 1 |  1.6
Air Magic      | 1 |  1.6
Poison Magic   | 1 |  1.6
Dodging        | 5 |  5.0
Stealth        | |  4.7
Earth Magic    | |  5.7

Action                   |  1- 3 |  4- 6 || total
-------------------------+-------+-------++-------
Melee: Dagger            |       |    69 ||    69
       Bite              |       |     3 ||     3
 Cast: Sandblast         |    30 |    52 ||    82
       Stone Arrow       |       |    29 ||    29
 Stab: Sleeping          |       |     4 ||     4
       Distracted        |       |     1 ||     1
Armor: Robe              |     1 |    12 ||    13
Dodge: Dodged            |     2 |    45 ||    47

Table legend: (Time is in decaauts)
 A = Elapsed time spent in this place.
 B = Non-inter-level travel time spent in this place.
 C = Inter-level travel time spent in this place.
 D = Time resting spent in this place.
 E = Time spent auto-exploring this place.
 F = Levels seen in this place.
 G = Mean time per level.
                   A        B        C        D        E       F      G
               +--------+--------+--------+--------+--------+-----+--------+
         Total |   4673 |   4471 |    202 |    191 |   3752 |   5 |  934.6 |
       Dungeon |   4673 |   4471 |    202 |    191 |   3752 |   5 |  934.6 |
               +--------+--------+--------+--------+--------+-----+--------+

Top non-repeatable levels by time:
     D:4: 1375 daAuts
     D:3: 1324 daAuts
     D:1: 934 daAuts
     D:2: 650 daAuts
     D:5: 388 daAuts
